 Dungeon Crawl Stone Soup version 0.28.0 (webtiles) character file.

Game seed: 660875148404028090

18 GrayStillPlays the Caller (level 2, -5/14 HPs)
             Began as a Vine Stalker Summoner on Feb 12, 2022.
             Slain by Terence (8 damage)
             ... on level 2 of the Dungeon.
             The game lasted 00:01:14 (1391 turns).

GrayStillPlays the Caller (Vine Stalker Summoner)   Turns: 1391, Time: 00:01:15

Health: -5/14      AC:  2    Str: 10    XL:     2   Next: 70%
Magic:  0/6        EV: 16    Int: 15    God:
Gold:   17         SH:  0    Dex: 14    Spells: 4/5 levels left

rFire   . . .      SeeInvis .   h - +0 hand axe {axe}
rCold   . . .      Faith    .   (no shield)
rNeg    . . .      Spirit   +   a - +0 robe
rPois   .          Reflect  .   (no helmet)
rElec   .          Harm     .   (no cloak)
rCorr   .          Rampage  .   (no gloves)
Will    .....                   (no boots)
Stlth   ++........              (no amulet)
HPRegen 0.04/turn               c - +4 ring of evasion
MPRegen 0.10/turn               (no ring)

@: no status effects
A: fangs 2, magic shield, antimagic bite, no potion heal 2
a: no special abilities


You were on level 2 of the Dungeon.
You visited 1 branch of the dungeon, and saw 2 of its levels.

You collected 17 gold pieces.


Innate Abilities, Weirdness & Mutations

You have extremely sharp teeth.
When hurt, damage is shared between your health and your magic reserves.
Your bite disrupts and absorbs the magic of your enemies.
Potions cannot restore your health.


   Skills:
 + Level 0.6 Fighting
 + Level 1.8 Dodging
 + Level 2.8 Stealth
 + Level 2.4 Spellcasting
 + Level 4.1 Summonings


You had 4 spell levels left.
You knew the following spells:

 Your Spells              Type           Power      Damage    Failure   Level
a - Summon Small Mammal   Summ           56%        N/A       3%          1

Your spell library contained the following spells:

 Spells                   Type           Power      Damage    Failure   Level
 Call Imp                 Summ           14%        N/A       6%          2
 Call Canine Familiar     Summ           14%        N/A       12%         3
 Summon Guardian Golem    Hex/Summ       8%         N/A       26%         3
 Ensorcelled Hibernation  Hex/Ice        2%         N/A       32%         2
 Passwall                 Tmut/Erth      0%         N/A       32%         2
 Swiftness                Air            1%         N/A       54%         3
 Summon Lightning Spire   Summ/Air       8%         N/A       65%         4

Inventory:

Hand Weapons
 h - a +0 hand axe (weapon) {axe}
   (You found it on level 1 of the Dungeon)
Missiles
 b - 9 sling bullets
 d - 22 stones {throwing}
 i - 5 poisoned darts {throwing}
Armour
 a - a +0 robe (worn)
Jewellery
 c - a +4 ring of evasion (left hand)
   (You found it on level 1 of the Dungeon)
Scrolls
 e - a scroll of blinking {unknown}
 j - a scroll of silence {unknown}
 l - a scroll of vulnerability {unknown}
Potions
 f - 2 potions of heal wounds {unknown}
 g - a potion of attraction {unknown}
 k - a potion of haste {unknown}

Dungeon Overview and Level Annotations

Branches:
Dungeon (2/15)

Altars:

Annotations:
D:2 Terence

#... ...... #...#
....... #. #...##....#..
#.####......?.....
..................
.................. ###
#.##....b......... ..#
#.........@@...... #.#
#.##.#.....r...... #.#
#.##.#....#.#...#.
##.####.##.#............
........................
##.####.##...>..#.......
##.####.##......#.#.....
#......................
#..####.#####.#.#.#...


You could see Terence (ally target), a friendly quokka (summoned) and a friendly
bat (summoned).


Message History

A bat is nearby!
A bat is nearby!
A bat is nearby!
A bat is nearby!
A bat is nearby!
The helpless bat fails to defend itself.
You hit the bat.
You kill the bat!
Key pressed, stopping explore.
No target in view!
Key pressed, stopping explore.
No target in view!
There is an escape hatch in the floor here.
You see here a +0 mace {mace}.
There is an open door here.
There is an open door here.
There is an open door here.
Key pressed, stopping explore.
You open the door.
There is an open door here.
Key pressed, stopping explore.
You open the door.
There is an open door here.
Done exploring.
Done exploring.
Done exploring.
Done exploring.
There is an open door here.
There is a stone staircase leading down here.
You climb downwards.
There is a stone staircase leading up here.
A kobold comes into view. It is wielding a +0 short sword.
A kobold is nearby!
A kobold is nearby! 😎 MP[-1]
You lost 1 mp, and now have 5/6 mp. 😎 MP[-1]
You lost 1 mp, and now have 4/6 mp.
Your bat disappears in a puff of smoke! 😎 MP[-1]
You lost 1 mp, and now have 3/6 mp.
A kobold is nearby!
A kobold is nearby!
The kobold shouts!
The kobold throws a stone.
The stone closely misses your quokka. The stone closely misses you.
Your quokka closely misses the kobold.
Your quokka barely misses the kobold.
Your quokka closely misses the kobold.
You slash the kobold!
You kill the kobold!
No target in view!
No target in view!
No target in view!
No target in view!
Your quokka disappears in a puff of smoke!
Your quokka disappears in a puff of smoke!
d - 22 stones {throwing} (gained 1)
You see here a +0 short sword {short}. 😎 MP[+3]
Your mp is fully restored (6).
l - a scroll labelled XESKUM IGULIKO
Found a stone staircase leading down.
Found a stone staircase leading up.
Terence the Incautious comes into view.
He is wielding a +0 hand axe of freezing.
Terence shouts!
Terence is nearby! 😎 MP[-1]
You lost 1 mp, and now have 5/6 mp. 😎 MP[-1]
You lost 1 mp, and now have 4/6 mp.
Your quokka disappears in a puff of smoke! 😎 MP[-1]
You lost 1 mp, and now have 3/6 mp.
Your quokka disappears in a puff of smoke!
Your quokka bites Terence but does no damage. 😎 MP[-1]
You lost 1 mp, and now have 2/6 mp.
Your bat completely misses Terence.
Your quokka bites Terence but does no damage.
You barely miss Terence.
Your bat hits Terence but does no damage.
Your quokka bites Terence but does no damage.
Terence hits you with a +0 hand axe of freezing.
Terence freezes you. Terence closely misses your quokka.
Your quokka bites Terence. 😮 HP[-5] MP[-1]
You take 5 damage, and now have 9/14 hp.
MASSIVE DAMAGE!! (PAUSE)
You lost 1 mp, and now have 1/6 mp.
You hit Terence but do no damage. You bite Terence, but do no damage.
Your bat barely misses Terence.
Terence hits you with a +0 hand axe of freezing.
* * * LOW HITPOINT WARNING * * *
Terence freezes you.
* * * LOW HITPOINT WARNING * * *
Terence closely misses your quokka.
Your quokka bites Terence but does no damage.
Terence hits you with a +0 hand axe of freezing!
Ouch! That really hurt!
You die...

Action                   || total
-------------------------++-------
Melee: Unarmed           ||     9
       Bite              ||     7
       Hand axe          ||    24
       Punch             ||     1
 Cast: Summon Small Mamm ||    36
 Stab: Sleeping          ||     2
       Distracted        ||     1
Armor: Robe              ||     7
Dodge: Dodged            ||    47

Levels and vault maps discovered:
D:1:      dpeg_arrival_water_temple_mockup, layout_basic,
          ebering_ecumenical_altar_box
D:2:      layout_basic, uniq_jessica, uniq_terence

Notes
Turn   | Place    | Note
-------+----------+-------------------------------------------
     0 | D:1      | GrayStillPlays the Vine Stalker Summoner began the quest
                  | for the Orb.
     0 | D:1      | Reached XP level 1. HP: 9/9 MP: 4/4
     0 | D:1      | magus.rc [v1.9.6]
   545 | D:1      | Reached XP level 2. HP: 8/14 MP: 3/6
   965 | D:1      | Found a faded altar of an unknown god.
  1185 | D:1      | You pick up a book of Burglary and begin reading...
  1185 | D:1      | You add the spells Passwall, Ensorcelled Hibernation and
                  | Swiftness to your library.
  1384 | D:2      | Noticed Terence
  1391 | D:2      | HP: 3/14 [Terence (1)]
  1391 | D:2      | Slain by Terence

Vanquished Creatures
  3 ball pythons (D:1)
  2 endoplasms (D:1)
  A giant cockroach (D:1)
  A kobold (D:2)
  3 bats (D:1)
  A frilled lizard (D:1)
  A rat (D:1)
12 creatures vanquished.

Vanquished Creatures (collateral kills)
  A bat (D:1)
  An endoplasm (D:1)
  A goblin (D:1)
  A frilled lizard (D:1)
  A rat (D:1)
5 creatures vanquished.

Grand Total: 17 creatures vanquished

Table legend:
 A = Non-vault XP
 B = Vault XP
 C = Vault XP percentage of total XP
 D = Non-vault monster count
 E = Vault monster count
 F = Vault count percentage of total count
                 A         B        C        D         E       F
            +---------+---------+-------+---------+---------+-------
      Total |      27 |       0 |   0.0 |      17 |       0 |   0.0
            +---------+---------+-------+---------+---------+-------
        D:1 |      25 |       0 |   0.0 |      16 |       0 |   0.0
        D:2 |       2 |       0 |   0.0 |       1 |       0 |   0.0
            +---------+---------+-------+---------+---------+-------

Illustrated notes

Table legend:
 A = Kills in this place as a percentage of kills in entire the game.
 B = Kills by you in this place as a percentage of kills by you in the entire game.
 C = Kills by friends in this place as a percentage of kills by friends in the entire game.
 D = Other kills in this place as a percentage of other kills in the entire game.
 E = Experience gained in this place as a percentage of experience gained in the entire game.
 F = Experience gained in this place divided by the number of levels of this place that you have seen.
                   A       B       C       D       E      F
               +-------+-------+-------+-------+-------+----------------------
         Total | 100.0 | 100.0 | 100.0 |   N/A | 100.0 |  13.5
       Dungeon | 100.0 | 100.0 | 100.0 |   N/A | 100.0 |  13.5
               +-------+-------+-------+-------+-------+----------------------

Table legend: (Time is in decaauts)
 A = Elapsed time spent in this place.
 B = Non-inter-level travel time spent in this place.
 C = Inter-level travel time spent in this place.
 D = Time resting spent in this place.
 E = Time spent auto-exploring this place.
 F = Levels seen in this place.
 G = Mean time per level.
                   A        B        C        D        E       F      G
               +--------+--------+--------+--------+--------+-----+--------+
         Total |   1396 |   1376 |     20 |      0 |   1209 |   2 |  698.0 |
       Dungeon |   1396 |   1376 |     20 |      0 |   1209 |   2 |  698.0 |
               +--------+--------+--------+--------+--------+-----+--------+

Top non-repeatable levels by time:
     D:1: 1318 daAuts
     D:2: 78 daAuts
